 Dungeon Crawl Stone Soup version 0.30-a0-802-gb92711bcdf (webtiles) character file.

Game seed: 9828256477295602112

5518 bmack86 the Cleaver (level 10, -1/88 HPs)
             Began as a Minotaur Fighter on Feb 23, 2023.
             Was a Believer of Okawaru.
             Slain by a cyclops (23 damage)
             ... on level 9 of the Dungeon.
             The game lasted 00:21:13 (8696 turns).

bmack86 the Cleaver (Minotaur Fighter)              Turns: 8696, Time: 00:21:14

Health: -1/88      AC: 20    Str: 32    XL:     10   Next: 43%
Magic:  8/11       EV: 10    Int:  5    God:    Okawaru [**....]
Gold:   466        SH:  7    Dex: 15    Spells: 9/9 levels left

rFire   . . .      SeeInvis .    H - +0 broad axe
rCold   . . .      Faith    .    c - +0 buckler
rNeg    . . .      Spirit   .    L - +0 plate armour
rPois   .          Reflect  .    (helmet restricted)
rElec   .          Harm     .    m - +0 cloak
rCorr   .          Rampage  .    (no gloves)
Will    .....                    n - +1 pair of boots Stlth
                                 F - amulet of regeneration
HPRegen 1.14/turn                y - +6 ring of dexterity
MPRegen 0.12/turn                D - +6 ring of strength

@: heroic
A: horns 2, retaliatory headbutt
a: Renounce Religion, Heroism


You were on level 9 of the Dungeon.
You worshipped Okawaru.
Okawaru was pleased with you.
You visited 2 branches of the dungeon, and saw 10 of its levels.
You also visited: Ossuary.

You collected 466 gold pieces.

Inventory:

Hand Weapons
 a - a +1 war axe
 H - a +0 broad axe (weapon)
Missiles
 f - 20 poisoned darts (quivered)
 v - 2 boomerangs
Armour
 c - a +0 buckler (worn)
 m - a +0 cloak (worn)
 n - a +1 pair of boots (worn)
 E - a +0 chain mail
 L - a +0 plate armour (worn)
Jewellery
 h - a ring of protection from fire
 p - a +6 ring of dexterity
 s - an amulet of reflection
 y - a +6 ring of dexterity (left hand)
 z - a ring of ice
 D - a +6 ring of strength (right hand)
 F - an amulet of regeneration (around neck)
 G - an amulet of guardian spirit
 J - a ring of protection from fire
Wands
 b - a wand of digging (5)
 l - a wand of polymorph (21)
 o - a wand of paralysis (12)
 K - a wand of flame (6)
Scrolls
 r - a scroll of silence
 u - 3 scrolls of magic mapping
 x - a scroll of noise
 C - 4 scrolls of fear
 I - 3 scrolls of teleportation
 M - a scroll of identify
 N - a scroll of amnesia
Potions
 d - 2 potions of might
 e - a potion of magic
 g - 4 potions of curing
 i - 2 potions of cancellation
 j - 2 potions of attraction
 k - a potion of ambrosia
 q - 2 potions of lignification
 t - 2 potions of flight
 w - 3 potions of heal wounds
 A - a potion of mutation
 B - 2 potions of invisibility


   Skills:
 + Level 8.3(13.3) Fighting
 * Level 11.0(16.0) Axes
 + Level 5.8(10.8) Throwing
 + Level 8.3(13.3) Armour
 + Level 8.4(13.4) Shields
 + Level 3.2 Invocations


You had 9 spell levels left.
You didn't know any spells.
Your spell library contained the following spells:

 Spells                   Type           Power      Damage    Failure   Level
 Kiss of Death            Conj/Necr      0%         2d5       98%         1
 Necrotise                Necr           0%         1d4       98%         1
 Static Discharge         Conj/Air       0%         2-2/arc   99%         2
 Confusing Touch          Hex            0%         N/A       100%        3
 Vampiric Draining        Necr           0%         2d6       100%        3
 Vhi's Electric Charge    Tloc/Air       0%         N/A       100%        3
 Dispel Undead            Necr           0%         3d6       100%        4
 Agony                    Necr           0%         N/A       100%        5
 Arcjolt                  Conj/Air       0%         1d10      100%        5
 Lightning Bolt           Conj/Air       0%         1d11      100%        5


Dungeon Overview and Level Annotations

Branches:
Dungeon (9/15)             Temple (1/1) D:7         Ossuary (visited)
   Lair: D:8-11         Orc: D:9-12

Altars:
Ashenzari
Cheibriados
Elyvilon
Fedhas
Gozag
Hepliaklqana
Kikubaaqudgha
Makhleb
Okawaru
Qazlal
Sif Muna
Trog
Uskayaw
Vehumet
Wu Jian
Xom
Yredelemnul
The Shining One


Innate Abilities, Weirdness & Mutations

You have a pair of horns on your head.
You reflexively headbutt those who attack you in melee.


Message History

Your Invocations skill increases to level 3!
You closely miss the bullfrog. You barely miss the yak.
You barely miss the wyvern.
The wyvern bites you but does no damage.
The bullfrog barely misses you. The yak gores you but does no damage.
You block the wyvern's attack.
The bullfrog hits you but does no damage.
You hit the bullfrog.
The bullfrog is moderately wounded.
You hit the wyvern. You slash the yak!
The wyvern bites you but does no damage.
You block the bullfrog's attack.
The yak snorts and paws the ground.
The yak gores you but does no damage. The bullfrog barely misses you.
The wyvern bites you!
You gain the combat prowess of a mighty hero.
The yak barely misses you.
The bullfrog hits you but does no damage.
The wyvern closely misses you. You furiously retaliate!
You headbutt the wyvern!!
You kill the wyvern!
Okawaru accepts your kill. The cyclops hits you!
* * * LOW HITPOINT WARNING * * *
You hit the cyclops but do no damage. You hit the howler monkey.
You slash the yak!
You kill the yak!
Okawaru accepts your kill.
You slice the bullfrog!!
You kill the bullfrog!
Okawaru accepts your kill. The howler monkey barely misses you.
Your base Axes skill increases to level 11!
You slice the cyclops!!
The cyclops is heavily wounded.
You slice the howler monkey!!
You kill the howler monkey!
Okawaru accepts your kill. The cyclops hits you!!
You die...

..##.# ...#.# z..#.#
Y{##.#
##"###'##..########
#...'.###'#...#...#
##[###'..)##.....## +#
#(.z†.#.###.# .
#.[C@.#.###.#
#.#.)...#..##.#########
##.##...##........)†##..
....#####.##[#.####.))..
..#######.....###.#.#
####.. #...........###
#.#.# #.. ######.......#
#...# #.. #...###..#
##.########.. #.### #..#
#.###.......


You could see a cyclops and a wight.

Vanquished Creatures
  A hydra (D:9)
  An unseen horror (D:8)
  A hornet (D:6)
  Grinder (D:5)
  Prince Ribbit (D:8)
  2 wraiths (Ossuary)
  A wyvern (D:9)
  A yak (D:9)
  A water moccasin (D:8)
  4 orc warriors
  2 black bears
  3 ice beasts
  A centaur (D:7)
  The ghost of tgirl the Covered, an amateur GnWn (D:3)
  A phantom (D:4)
  A kobold brigand (D:9)
  5 bullfrogs
  2 necrophages
  5 scorpions
  3 wights
  4 killer bees
  3 howler monkeys
  3 gnoll boudas
  4 hounds
  3 orc priests
  4 jellies
  Terence (D:2)
  Natasha (thrice) (D:2)
  5 orc wizards
  3 iguanas (D:5)
  15 gnolls
  9 adders
  A shadow imp (D:5)
  4 white imps
  2 ufetubi (D:5)
  An adder zombie (Ossuary)
  2 worms
  2 dart slugs
  25 orcs
  8 endoplasms
  5 giant cockroaches
  4 goblins
  12 hobgoblins
  10 jackals
  12 kobolds
  2 quokkas
  5 ball pythons
  A ball python skeleton (Ossuary)
  4 bats
  3 frilled lizards (D:1)
  3 hobgoblin skeletons (Ossuary)
  A hobgoblin zombie (Ossuary)
  3 kobold zombies (Ossuary)
  An orc skeleton (Ossuary)
  8 rats
214 creatures vanquished.

Notes
Turn   | Place    | Note
-------+----------+-------------------------------------------
     0 | D:1      | bmack86 the Minotaur Fighter began the quest for the Orb.
     0 | D:1      | Reached XP level 1. HP: 19/19 MP: 0/0
   135 | D:1      | Reached XP level 2. HP: 22/27 MP: 1/1
   223 | D:1      | Reached skill level 3 in Axes
   669 | D:2      | Noticed Natasha
   681 | D:2      | Killed Natasha
   682 | D:2      | Reached XP level 3. HP: 9/33 MP: 2/2
   801 | D:2      | Reached XP level 4. HP: 34/40 MP: 3/3
   901 | D:2      | Noticed Terence
   913 | D:2      | Killed Terence
   914 | D:2      | Reached skill level 4 in Axes
  1156 | D:2      | Noticed Natasha
  1161 | D:2      | Killed Natasha
  1162 | D:2      | Reached XP level 5. HP: 40/47 MP: 4/4
  1233 | D:2      | Noticed Natasha
  1242 | D:2      | Killed Natasha
  1868 | D:3      | Reached skill level 1 in Throwing
  1871 | D:3      | Reached skill level 5 in Axes
  2116 | D:3      | Found a runed translucent door.
  2116 | D:3      | Noticed tgirl's ghost (amateur GnWn)
  2124 | D:3      | Killed tgirl's ghost
  2125 | D:3      | Reached XP level 6. HP: 52/55 MP: 5/5
  2335 | D:3      | Found an opulent altar of Gozag.
  2658 | D:4      | Reached skill level 5 in Fighting
  2658 | D:4      | Reached skill level 5 in Armour
  2658 | D:4      | Reached skill level 5 in Shields
  2841 | D:4      | Reached XP level 7. HP: 61/61 MP: 6/6
  2946 | D:4      | Reached skill level 6 in Axes
  3777 | D:5      | Entered Level 5 of the Dungeon
  4016 | D:5      | Noticed Grinder
  4028 | D:5      | Paralysed by Grinder for 4 turns
  4034 | D:5      | Killed Grinder
  4035 | D:5      | Reached skill level 7 in Axes
  4035 | D:5      | Reached XP level 8. HP: 68/70 MP: 7/7
  4035 | D:5      | Found a sand-covered staircase.
  4041 | Ossuary  | Entered an ossuary
  4175 | Ossuary  | Noticed a flying skull
  4190 | Ossuary  | Noticed a flying skull
  4211 | Ossuary  | Noticed a flying skull
  4519 | D:5      | Reached skill level 8 in Axes
  4762 | D:5      | Found an ornate altar of the Wu Jian Council.
  4771 | D:5      | Found a snail-covered altar of Cheibriados.
  4771 | D:5      | Found a burning altar of Makhleb.
  4772 | D:5      | Found a shimmering blue altar of Sif Muna.
  5235 | D:6      | Found a blossoming altar of Fedhas.
  5235 | D:6      | Found a hazy altar of Hepliaklqana.
  5277 | D:6      | Noticed a hornet
  5285 | D:6      | Killed a hornet
  5414 | D:6      | Reached XP level 9. HP: 78/78 MP: 8/8
  5444 | D:6      | Reached skill level 9 in Axes
  6246 | D:7      | Found a staircase to the Ecumenical Temple.
  6252 | Temple   | Entered the Ecumenical Temple
  6260 | Temple   | Became a worshipper of Warmaster Okawaru
  6822 | D:7      | Reached skill level 1 in Invocations
  7292 | D:8      | Reached skill level 10 in Axes
  7292 | D:8      | Reached skill level 5 in Throwing
  7423 | D:8      | Reached * piety under Okawaru
  7552 | D:8      | Noticed Prince Ribbit
  7567 | D:8      | Killed Prince Ribbit
  7588 | D:8      | HP: 1/80 [something (8)]
  7592 | D:8      | Killed an unseen horror
  7593 | D:8      | Reached XP level 10. HP: 6/88 MP: 10/10
  8014 | D:8      | Found a radiant altar of Vehumet.
  8680 | D:9      | Noticed a cyclops
  8680 | D:9      | Noticed a four-headed hydra
  8691 | D:9      | Killed a five-headed hydra
  8691 | D:9      | Reached ** piety under Okawaru
  8696 | D:9      | Reached skill level 11 in Axes
  8696 | D:9      | Slain by a cyclops

Illustrated notes

Levels and vault maps discovered:
D:1:      dpeg_arrival_houses_and_road, layout_basic
D:2:      layout_loops_cross, minmay_circled_x, uniq_natasha, uniq_terence
D:3:      layout_basic, mainiacjoe_overflow_alcove_1, gammafunk_ghost_grave
D:4:      layout_rooms, serial_co_window_serial, co_window_corner_a,
          co_window_corner_a, co_window_paths_b, co_window_corner_a,
          co_window_corner_a, co_window_2corner, co_window_broadway_b,
          co_window_cross_3, co_window_broadway_a, co_window_2corner,
          co_window_4corner_b, bh_walls_and_bars
D:5:      layout_basic, chequers_temple_overflow_statue_of_worship,
          enter_ossuary_2, uniq_grinder
D:6:      layout_gridville, gammafunk_temple_overflow_wave,
          nrook_mini_backslash, kennysheep_generic_room_3
D:7:      layout_gridville, temple_green
D:8:      layout_basic, mainiacjoe_overflow_paths, serial_glass,
          glass_columns_c, glass_columns_b, item_on_display_a, st_stairs_9,
          uniq_prince_ribbit1
D:9:      layout_rooms, chequers_temple_overflow_minitemple,
          minmay_joined_circles
Temple:   eino_temple_lava

Skill      XL: |  1  2  3  4  5  6  7  8  9 10 |
---------------+-------------------------------+-----
Axes           | 3 4 5 7 8 10 11 | 11.0
Shields        | 4 5 6 7 8 |  8.4
Fighting       | 4 5 6 7 8 |  8.3
Armour         | 4 5 6 7 8 |  8.3
Throwing       | 1 2 3 4 5 |  5.8
Invocations    | 2 3 |  3.2

Action                     |  1- 3 |  4- 6 |  7- 9 | 10-12 || total
---------------------------+-------+-------+-------+-------++-------
  Melee: War axe           |    65 |   112 |   248 |    19 ||   444
         Headbutt          |     4 |    14 |    46 |    11 ||    75
         Broad axe         |       |       |       |    17 ||    17
  Throw: Dart              |       |     2 |     4 |       ||     6
 Invoke: Heroism           |       |       |     1 |     1 ||     2
    Use: Scroll            |     1 |     4 |    16 |     4 ||    25
         Potion            |       |       |     3 |       ||     3
 Armour: Scale mail        |    32 |    69 |    40 |       ||   141
         Chain mail        |       |       |   101 |     9 ||   110
         Plate armour      |       |       |       |    25 ||    25
  Dodge: Dodged            |    32 |    68 |    96 |    18 ||   214
  Block: Buckler           |     9 |    42 |   158 |    23 ||   232

Table legend: (Time is in decaauts)
 A = Elapsed time spent in this place.
 B = Non-inter-level travel time spent in this place.
 C = Inter-level travel time spent in this place.
 D = Time resting spent in this place.
 E = Time spent auto-exploring this place.
 F = Levels seen in this place.
 G = Mean time per level.
                   A        B        C        D        E       F      G
               +--------+--------+--------+--------+--------+-----+--------+
         Total |   8819 |   8594 |    225 |    794 |   5126 |  11 |  801.7 |
       Dungeon |   8250 |   8025 |    225 |    664 |   5000 |   9 |  916.7 |
        Temple |     83 |     83 |      0 |      0 |     63 |   1 |   83.0 |
       Ossuary |    484 |    484 |      0 |    130 |     63 |   1 |  484.0 |
               +--------+--------+--------+--------+--------+-----+--------+

Top non-repeatable levels by time:
     D:4: 1343 daAuts
     D:8: 1134 daAuts
     D:7: 1050 daAuts
     D:2: 1030 daAuts
     D:6: 946 daAuts
     D:5: 914 daAuts
     D:3: 839 daAuts
     D:1: 678 daAuts
 Ossuary: 484 daAuts
     D:9: 313 daAuts
  Temple: 83 daAuts
